 Dungeon Crawl Stone Soup version 0.17-a0-1716-gdf19ebb (webtiles) character file.

65 MasterCK the Skirmisher (level 3, -4/29 HPs)
             Began as a Demonspawn Chaos Knight on Aug 24, 2015.
             Slain by Sigmund
             ... wielding a +1 vampiric scythe
              (12 damage)
             ... on level 3 of the Dungeon.
             The game lasted 00:20:11 (2955 turns).

MasterCK the Skirmisher (Demonspawn Chaos Knight)   Turns: 2955, Time: 00:20:11

Health: -4/29      AC:  6    Str: 13    XL:     3   Next: 94%
Magic:  4/4        EV: 11    Int: 13    God:    Xom [...*..]
Gold:   162        SH:  0    Dex: 12    Spells: 0 memorised, 4 levels left

rFire  . . .     SeeInvis .     a - +0 falchion (chaos)
rCold  . . .     Clarity  .     b - +2 leather armour
rNeg   . . .     SustAt   .     (no shield)
rPois  .         Gourm    .     (no helmet)
rElec  .         Spirit   .     (no cloak)
rCorr  .         Warding  .     (no gloves)
rMut   .         Stasis   .     (no boots)
MR     .....                    (no amulet)
Stlth  +.........               (no ring)
                                (no ring)

@: about to teleport, not resistant to hostile enchantments, very unstealthy
A: icy blue scales 1
a: Renounce Religion


You were on level 3 of the Dungeon.
You worshipped Xom.
You were a favourite toy of Xom.
You were not hungry.

You visited 1 branch of the dungeon, and saw 3 of its levels.

You collected 162 gold pieces.

Inventory:

Hand weapons
 a - a +0 falchion of chaos (weapon)
 g - a +0 club
 i - a +0 short sword
 k - a +0 dagger
 m - a +1 dagger of venom
 o - a +0 short sword
 p - a +0 club
 r - a cursed +0 club
 s - a +0 dagger
 u - a +0 club
 v - a +0 hunting sling
 x - a +0 spear
Missiles
 j - 68 stones
 n - 6 tomahawks (quivered)
 q - 11 arrows
 y - 4 curare-tipped needles
Armour
 b - a +2 leather armour (worn)
 A - a +0 ring mail
Jewellery
 t - an uncursed amulet of resist mutation
Scrolls
 e - a scroll of remove curse
 f - 2 scrolls of teleportation
 h - a scroll of noise
Potions
 d - 2 potions of curing
 l - a potion of haste
 z - a potion of ambrosia {unknown}
Comestibles
 c - 2 bread rations
 w - a meat ration


   Skills:
 * Level 3.4 Fighting
 * Level 3.0 Long Blades
 * Level 1.1 Throwing
 * Level 2.0 Armour
 * Level 1.6 Dodging
 * Level 1.0 Spellcasting


You had 4 spell levels left.
You didn't know any spells.

Dungeon Overview and Level Annotations

Branches:
Dungeon (3/15)

Altars:
Xom

Annotations:
D:3 Sigmund


Innate Abilities, Weirdness & Mutations

You are partially covered in icy blue scales (AC +1).


Message History

j - 68 stones (gained 9)
You now have 162 gold pieces (gained 11).
Sigmund the Dreaded comes into view.
He is wielding a vampiric scythe.
Sigmund gestures wildly while chanting.
Sigmund flickers and vanishes!
Deactivating autopickup; reactivate with Ctrl-A.
Throwing (i - inventory. (,) - cycle):
n - 6 tomahawks (quivered)
Press: ? - help, Shift-Dir - straight line, f - you
Okay, then.
You start waiting.
Something hits you. Something hits you.
You hear some strange, mumbled words.
A puff of flame appears from out of thin air!
The puff of flame hits you!
A magic dart appears from out of thin air!
The magic dart hits you!
* * * LOW HITPOINT WARNING * * *
As you read the scroll of teleportation, it crumbles to dust.
You feel strangely unstable. Something hits you!
You die...

#.# #.# #.# #.#
#.# ##.#
...##########+##
...............###
############..##@#
#.###.# #...{.#
#..#### #..# #..#
#.?# #..# #..#


There were no monsters in sight!

Vanquished Creatures
  3 adders (D:2)
  A worm (D:2)
  3 giant geckos (D:2)
  An orc (D:3)
  A giant cockroach (D:2)
  5 hobgoblins
  2 jackals (D:3)
  6 bats
  2 giant newts
  4 goblins
  3 kobolds (D:1)
  6 rats
37 creatures vanquished.

Notes
Turn   | Place    | Note
--------------------------------------------------------------
     0 | D:1      | MasterCK the Demonspawn Chaos Knight began the quest for the Orb.
     0 | D:1      | Reached XP level 1. HP: 18/18 MP: 1/1
   232 | D:1      | XOM: potion effect (haste)
   244 | D:1      | Reached skill level 1 in Dodging
   435 | D:1      | XOM: harmless Ice miscast
   531 | D:1      | XOM: harmless Air miscast
   542 | D:1      | XOM: harmless Tloc miscast
   786 | D:1      | Gained mutation: You are partially covered in icy blue scales (AC +1). [demonic ancestry]
   786 | D:1      | Reached XP level 2. HP: 24/24 MP: 2/2
  1063 | D:1      | XOM: divination: detect creatures
  1071 | D:1      | XOM: divination: detect creatures
  1330 | D:1      | XOM: scenery: create altars
  1717 | D:2      | Reached XP level 3. HP: 19/29 MP: 3/3
  1889 | D:2      | XOM: colour smoke trail
  1924 | D:2      | Found a faded altar to an unknown god.
  2305 | D:2      | Reached skill level 1 in Throwing
  2356 | D:2      | XOM: god gift: scroll labeled TITHRI CUDYN
  2492 | D:2      | Reached skill level 1 in Spellcasting
  2493 | D:2      | XOM: god gift: 47 gold pieces
  2527 | D:2      | XOM: mild Chrm miscast
  2939 | D:3      | Noticed Sigmund
  2955 | D:3      | Slain by Sigmund

Vault maps used:
D:1:      dpeg_arrival_circle_labyrinth_a
D:2:      ecumenical_altar_1, first_bread, hex_large
D:3:      saegor_snake_ambush, uniq_sigmund

Action                   || total
-------------------------++-------
Melee: Falchion          ||    88
Throw: Tomahawk          ||    50
  Use: Potion            ||     5
       Scroll            ||     6
  Eat: Bread ration      ||     2
       Chunk             ||     1
